 Dungeon Crawl Stone Soup version 0.28.0-1-gb440e238dd (webtiles) character file.

Game seed: 3709592402640582482

2486 Jenx the Grappler (level 9, -7/83 HPs)
             Began as a Troll Berserker on Feb 27, 2022.
             Was a Priest of Trog.
             Killed by divine providence
             ... invoked by an orc priest
              (16 damage)
             ... on level 7 of the Dungeon.
             The game lasted 00:10:57 (4849 turns).

Jenx the Grappler (Troll Berserker)                 Turns: 4849, Time: 00:10:58

Health: -7/83      AC:  5    Str: 33    XL:     9   Next: 27%
Magic:  8/8        EV: 11    Int:  5    God:    Trog [***...]
Gold:   325        SH:  0    Dex: 11    Spells: 8/8 levels left

rFire   . . .      SeeInvis .     - Unarmed
rCold   . . .      Faith    .   (no shield)
rNeg    . . .      Spirit   .   e - +0 robe
rPois   .          Reflect  .   (helmet restricted)
rElec   .          Harm     .   u - +0 cloak
rCorr   .          Rampage  .   (gloves unavailable)
Will    .....                   (boots unavailable)
Stlth   +.........              (no amulet)
HPRegen 1.03/turn               b - +6 ring of strength
MPRegen 0.11/turn               (no ring)

@: confused
A: large, unfitting armour, claws 3, regeneration 1, shaggy fur 1, tough skin 1
a: Renounce Religion, Berserk, Trog's Hand


You were on level 7 of the Dungeon.
You worshipped Trog.
Trog was most pleased with you.
You visited 2 branches of the dungeon, and saw 8 of its levels.

You collected 361 gold pieces.
You spent 36 gold pieces at shops.

Inventory:

Hand Weapons
 a - a +5 quarterstaff
 o - a +2 whip of draining
 x - a +3 dire flail
Armour
 e - a +0 robe (worn)
 u - a +0 cloak (worn)
Jewellery
 b - a +6 ring of strength (left claw)
Wands
 s - a wand of polymorph (11)
Scrolls
 c - 6 scrolls of identify {unknown}
 d - a scroll of silence {unknown}
 f - a scroll of blinking {unknown}
 h - 2 scrolls of vulnerability {unknown}
 k - a scroll of fog {unknown}
 m - 2 scrolls of enchant armour {unknown}
 q - a scroll of noise {unknown}
 t - a scroll of amnesia {unknown}
 v - 2 scrolls of teleportation {unknown}
 w - a scroll of acquirement {unknown}
 y - a scroll of holy word {unknown}
Potions
 g - a potion of heal wounds {unknown}
 i - 2 potions of haste {unknown}
 j - a potion of berserk rage {unknown}
 l - a potion of degeneration {unknown}
 n - a potion of might {unknown}
 p - 2 potions of brilliance {unknown}
 r - 3 potions of curing


   Skills:
 - Level 3.4 Fighting
 - Level 1.8 Maces & Flails
 + Level 6.2 Dodging
 * Level 10.3 Unarmed Combat


You had 8 spell levels left.
You didn't know any spells.
Your spell library was empty.

Dungeon Overview and Level Annotations

Branches:
Dungeon (7/15)             Temple (1/1) D:4

Altars:
Ashenzari
Cheibriados
Elyvilon
Gozag
Makhleb
Nemelex Xobeh
Trog
Uskayaw
Vehumet
Xom
Yredelemnul
Zin
The Shining One

Shops:
D:7 !

Annotations:
D:7 1 runed translucent door, hikkokomori's ghost, novice GrEE


Innate Abilities, Weirdness & Mutations

You are too large for most types of armour.
You have claws for hands.
Your natural rate of healing is unusually fast.
You are covered in fur. (AC +1)
You have tough skin. (AC +1)


Message History

The orc warrior barely misses you.
You're too confused to move!
Something hits you but does no damage.
The orc warrior hits you with a +0 short sword!
You barely miss the orc warrior.
The orc warrior is moderately wounded.
Something hits you but does no damage.
The orc warrior hits you with a +0 short sword!
* * * LOW HITPOINT WARNING * * *
You are too confused!
You miss something.
You feel less confused. Something hits you but does no damage.
You closely miss something.
The orc warrior hits you with a +0 short sword!
* * * LOW HITPOINT WARNING * * *
You barely miss something. Something hits you.
* * * LOW HITPOINT WARNING * * *
The orc warrior barely misses you.
You scratch something.
You hear some strange, mumbled words.
A magic dart appears from out of thin air!
The magic dart hits you!
* * * LOW HITPOINT WARNING * * *
The orc priest looks encouraged for a moment.
The orc warrior barely misses you.
You feel better. Something hits you but does no damage.
The orc warrior hits you with a +0 short sword.
* * * LOW HITPOINT WARNING * * *
You scratch the orc warrior but do no damage.
The orc warrior is moderately wounded.
You hear some strange, mumbled words.
You are confused.
The orc warrior barely misses you.
You claw the orc warrior!
The orc warrior is heavily wounded.
Something hits you.
* * * LOW HITPOINT WARNING * * *
The orc priest mumbles some strange prayers to Beogh against you.
Beogh smites you!
You die...

#####
######
.....
.$....###
#..#.
....o.o{#
...# #@#
##.# .#
#.#
##.#..#
#.#
.:....#
#.#.#
...#.
..#.#
####
..#.# #
#.#.# #
#.#.# #
#.#.#


You could see an orc warrior and an orc priest.

Vanquished Creatures
  Prince Ribbit (D:7)
  Grinder (D:3)
  An orc warrior (D:6)
  2 ice beasts
  A sky beast (D:6)
  3 ogres
  3 black bears
  A necrophage (D:7)
  A phantom (D:4)
  A scorpion (D:4)
  A water moccasin skeleton (D:7)
  4 wights (D:6)
  A howler monkey (D:6)
  A bullfrog zombie (D:7)
  A centaur zombie (D:6)
  4 hounds
  A jelly (D:7)
  3 centaur skeletons
  4 orc priests
  A gnoll shaman (D:5)
  A bullfrog skeleton (D:4)
  An iguana (D:6)
  An orc wizard (D:6)
  A hound skeleton (D:2)
  A howler monkey skeleton (D:5)
  3 gnolls (D:5)
  7 adders
  A white imp (D:5)
  An ufetubus (D:6)
  2 adder skeletons (D:4)
  A dart slug (D:1)
  12 orcs
  4 ball pythons
  3 bats (D:3)
  7 endoplasms
  2 giant cockroaches (D:1)
  8 goblins
  8 hobgoblins
  2 jackals (D:2)
  3 quokkas
  2 frilled lizards
  6 kobolds
  A quokka skeleton (D:4)
  9 rats
123 creatures vanquished.

Notes
Turn   | Place    | Note
-------+----------+-------------------------------------------
     0 | D:1      | Jenx the Troll Berserker began the quest for the Orb.
     0 | D:1      | Reached XP level 1. HP: 22/22 MP: 0/0
   109 | D:1      | Reached XP level 2. HP: 29/29 MP: 1/1
   336 | D:1      | Found a faded altar of an unknown god.
   780 | D:2      | Reached XP level 3. HP: 32/36 MP: 2/2
   813 | D:2      | Reached ** piety under Trog
  1150 | D:2      | Reached skill level 4 in Unarmed Combat
  1481 | D:3      | Noticed Grinder
  1486 | D:3      | Reached XP level 4. HP: 44/44 MP: 3/3
  1501 | D:3      | Killed Grinder
  1502 | D:3      | Reached skill level 5 in Unarmed Combat
  1502 | D:3      | Reached XP level 5. HP: 53/53 MP: 4/4
  1556 | D:3      | Reached XP level 6. HP: 61/61 MP: 5/5
  1727 | D:3      | Found a glowing golden altar of the Shining One.
  2200 | D:4      | Reached skill level 6 in Unarmed Combat
  2200 | D:4      | Reached XP level 7. HP: 67/67 MP: 6/6
  2213 | D:4      | Reached skill level 1 in Maces & Flails
  2376 | D:4      | Found a staircase to the Ecumenical Temple.
  2399 | Temple   | Entered the Ecumenical Temple
  2608 | D:5      | Entered Level 5 of the Dungeon
  2965 | D:5      | Reached skill level 7 in Unarmed Combat
  3253 | D:5      | Reached XP level 8. HP: 26/75 MP: 7/7
  3596 | D:6      | Reached skill level 5 in Dodging
  3596 | D:6      | Reached skill level 8 in Unarmed Combat
  3598 | D:6      | Reached *** piety under Trog
  3667 | D:6      | HP: 3/66 [wight (3)]
  3887 | D:6      | Reached skill level 9 in Unarmed Combat
  4415 | D:7      | Noticed Prince Ribbit
  4440 | D:7      | Reached XP level 9. HP: 43/83 MP: 8/8
  4488 | D:7      | Killed Prince Ribbit
  4527 | D:7      | Reached skill level 10 in Unarmed Combat
  4562 | D:7      | Found Wigg's Distillery.
  4566 | D:7      | Bought a potion of curing for 36 gold pieces
  4650 | D:7      | Found a runed translucent door.
  4651 | D:7      | Found a shimmering altar of Xom.
  4651 | D:7      | Noticed hikkokomori's ghost (novice GrEE)
  4651 | D:7      | Noticed a +2 flail of chaos
  4849 | D:7      | Killed from afar by an orc priest

Illustrated notes

Levels and vault maps discovered:
D:1:      heliophobic_arrival_ceremonial_halls, layout_basic,
          chequers_ecumenical_altar_twisty, minmay_unequal
D:2:      layout_basic, hex_tiny
D:3:      layout_rooms, tso_oasis_becter, nrook_mini_backslash,
          hangedman_decor_push, kennysheep_potato, uniq_grinder
D:4:      layout_rooms, minmay_temple_entry_mini_moons
D:5:      layout_gridville, chequers_serial_rivers_micro_d, roderic_lattice_a
D:6:      layout_gridville, nrook_loot_triangle
D:7:      layout_loops_ring, serial_shops, shop, ebering_ghost_xom,
          uniq_prince_ribbit1
Temple:   dpeg_three_leaves_temple

Skill      XL: |  1  2  3  4  5  6  7  8  9 |
---------------+----------------------------+-----
Unarmed Combat | 4 5 6 7 9 10 | 10.3
Fighting       | 3 |  3.4
Dodging        | 3 4 5 6 |  6.2
Maces & Flails | 1 |  1.8

Action                   |  1- 3 |  4- 6 |  7- 9 || total
-------------------------+-------+-------+-------++-------
Melee: Unarmed           |    86 |    87 |   216 ||   389
       Punch             |     1 |     1 |     8 ||    10
Invok: Berserk           |       |     1 |     4 ||     5
       Trog's Hand       |       |       |     2 ||     2
  Use: Potion            |       |       |     1 ||     1
Armor: Animal skin       |    21 |    45 |       ||    66
       Robe              |       |     1 |    74 ||    75
Dodge: Dodged            |    38 |    58 |   141 ||   237
